| TOP OF THE 1ST |
|
El Paso Sun Kings batting - Pitching for Dallas-Fort Worth Rangers : RHP Billy Hawley
|
|
Pitching: RHP Billy Hawley
|
|
|
Batting: LHB Stanley Hendrickson
|
0-0: Called Strike 0-1: Foul Ball, location: 2F 0-2: Ball 1-2: Foul Ball, location: 2F 1-2: Ball 2-2: Ball 3-2: SOLO HOME RUN (Flyball, 9LD, EV 91.3 MPH), Distance : 373 ft
|
|
Batting: RHB Dionisio DeJesus
|
0-0: Ball 1-0: Fly out, F7 (Flyball, 7, EV 83.1 MPH)
|
|
Batting: LHB Scott Bradley
|
0-0: Ball 1-0: Swinging Strike 1-1: Swinging Strike 1-2: Ball 2-2: Ball 3-2: Strikes out swinging
|
|
Batting: RHB Chuckie Canady
|
0-0: Foul Ball, location: 2F 0-1: Foul Ball, location: 2F 0-2: Ball 1-2: Ball 2-2: Ground out 4-3 (Groundball, 34, EV 82.5 MPH)
|
| Top of the 1st over - 1 run, 1 hit, 0 errors, 0 left on base; El Paso 1 - Dallas-Fort Worth 0 |
| BOTTOM OF THE 1ST |
|
Dallas-Fort Worth Rangers batting - Pitching for El Paso Sun Kings : LHP Jesus Moreno
|
|
Pitching: LHP Jesus Moreno
|
|
|
Batting: LHB Stan Levi
|
0-0: Fly out, F3 (Line Drive, 3, EV 72.5 MPH)
|
|
Batting: RHB Jesse Plummer
|
0-0: Ball 1-0: SINGLE (Groundball, 6M, EV 108.8 MPH)
|
|
Batting: RHB Terry Lee
|
0-0: Called Strike 0-1: Ball 1-1: Called Strike 1-2: Foul Ball, location: 2F 1-2: Foul Ball, location: 2F 1-2: Ball 2-2: Ground out 6-3 (Groundball, P, EV 92.5 MPH) Jesse Plummer to second
|
|
Batting: LHB Sid Bream
|
0-0: Called Strike 0-1: Ball 1-1: SINGLE (Flyball, 34D, EV 94.4 MPH) Jesse Plummer to third Runner from 3rd tries for Home, throw by RF and OUT! 9-2
|
| Bottom of the 1st over - 0 runs, 2 hits, 0 errors, 1 left on base; El Paso 1 - Dallas-Fort Worth 0 |
| TOP OF THE 2ND |
|
El Paso Sun Kings batting - Pitching for Dallas-Fort Worth Rangers : RHP Billy Hawley
|
|
Batting: LHB Franklin Lopez
|
0-0: Ball 1-0: Ball 2-0: Foul Ball, location: 2F 2-1: Swinging Strike 2-2: Strikes out swinging
|
|
Batting: SHB Danny Torres
|
0-0: Called Strike 0-1: Ball 1-1: Swinging Strike 1-2: Foul Ball, location: 2F 1-2: Ground out 4-3 (Groundball, 13, EV 76.3 MPH)
|
|
Batting: RHB Mike Anicich
|
0-0: Ball 1-0: Called Strike 1-1: Called Strike 1-2: Strikes out swinging
|
| Top of the 2nd over - 0 runs, 0 hits, 0 errors, 0 left on base; El Paso 1 - Dallas-Fort Worth 0 |
| BOTTOM OF THE 2ND |
|
Dallas-Fort Worth Rangers batting - Pitching for El Paso Sun Kings : LHP Jesus Moreno
|
|
Batting: RHB Dave Aponte
|
0-0: SINGLE (Line Drive, 7S, EV 111.9 MPH)
|
|
Batting: LHB Mo Ching
|
0-0: Ball 1-0: Called Strike 1-1: Foul Ball, location: 2F 1-2: Ball 2-2: Ball 3-2: Ground out 4-3 (Groundball, 4, EV 77.5 MPH) Dave Aponte to second
|
|
Batting: RHB Ross Jones
|
0-0: Called Strike 0-1: Swinging Strike 0-2: Strikes out swinging
|
|
Batting: LHB Garcia Gutierrez
|
0-0: Ball 1-0: Swinging Strike 1-1: Ball 2-1: Foul Ball, location: 2F 2-2: Strikes out looking
|
| Bottom of the 2nd over - 0 runs, 1 hit, 0 errors, 1 left on base; El Paso 1 - Dallas-Fort Worth 0 |
| TOP OF THE 3RD |
|
El Paso Sun Kings batting - Pitching for Dallas-Fort Worth Rangers : RHP Billy Hawley
|
|
Batting: RHB Danny Ramires
|
0-0: Ball 1-0: Ball 2-0: Called Strike 2-1: Foul Ball, location: 2F 2-2: Foul Ball, location: 2F 2-2: Ground out 6-3 (Groundball, 6, EV 85.6 MPH)
|
|
Batting: RHB Lance Ediger
|
0-0: Swinging Strike 0-1: Called Strike 0-2: Foul Ball, location: 2F 0-2: Ball 1-2: Strikes out looking
|
|
Batting: LHB Stanley Hendrickson
|
0-0: Ball 1-0: Ball 2-0: Ground out U3 (Groundball, 3, EV 103.8 MPH)
|
| Top of the 3rd over - 0 runs, 0 hits, 0 errors, 0 left on base; El Paso 1 - Dallas-Fort Worth 0 |
| BOTTOM OF THE 3RD |
|
Dallas-Fort Worth Rangers batting - Pitching for El Paso Sun Kings : LHP Jesus Moreno
|
|
Batting: LHB Daryl Fazzio
|
0-0: SINGLE (Line Drive, 8LS, EV 107.5 MPH)
|
|
Batting: LHB Stan Levi
|
0-0: Ball 1-0: Fly out, F8 (Line Drive, 8LM, EV 89.4 MPH)
|
|
Batting: RHB Jesse Plummer
|
0-0: Ball 1-0: Swinging Strike Daryl Fazzio is caught stealing 2nd base 2-4 1-1: Ball 2-1: Foul Ball, location: 2F 2-2: Ball 3-2: Base on Balls
|
|
Batting: RHB Terry Lee
|
0-0: Swinging Strike 0-1: Ball 1-1: Swinging Strike 1-2: Foul Ball, location: 2F 1-2: 2-RUN HOME RUN (Flyball, 7D, EV 98.8 MPH), Distance : 355 ft
|
|
Batting: LHB Sid Bream
|
0-0: Ball 1-0: Fly out, F7 (Flyball, 78D, EV 77.5 MPH)
|
| Bottom of the 3rd over - 2 runs, 2 hits, 0 errors, 0 left on base; El Paso 1 - Dallas-Fort Worth 2 |
| TOP OF THE 4TH |
|
El Paso Sun Kings batting - Pitching for Dallas-Fort Worth Rangers : RHP Billy Hawley
|
|
Batting: RHB Dionisio DeJesus
|
0-0: Called Strike 0-1: Foul Ball, location: 2F 0-2: Ground out 6-3 (Groundball, 6, EV 83.1 MPH)
|
|
Batting: LHB Scott Bradley
|
0-0: Ball 1-0: Called Strike 1-1: Ball 2-1: Foul Ball, location: 2F 2-2: Foul Ball, location: 2F 2-2: Ball 3-2: Foul Ball, location: 2F 3-2: DOUBLE (Flyball, 8LXD, EV 94.4 MPH)
|
|
Batting: RHB Chuckie Canady
|
0-0: Called Strike 0-1: Foul Ball, location: 2F 0-2: Foul Ball, location: 2F 0-2: Ball 1-2: Ball 2-2: Fly out, F8 (Flyball, 8RS, EV 85.6 MPH)
|
|
Batting: LHB Franklin Lopez
|
0-0: Ball 1-0: Swinging Strike 1-1: DOUBLE (Flyball, 8RXD, EV 96.3 MPH) Scott Bradley scores
|
|
Batting: SHB Danny Torres
|
0-0: SINGLE (Line Drive, 78S, EV 114.4 MPH) Franklin Lopez to third Runner from 3rd tries for Home, SAFE, throw by LF to home
|
|
Batting: RHB Mike Anicich
|
0-0: Called Strike 0-1: Ball 1-1: Fly out, F8 (Flyball, 8LXD, EV 106.3 MPH)
|
| Top of the 4th over - 2 runs, 3 hits, 0 errors, 1 left on base; El Paso 3 - Dallas-Fort Worth 2 |
| BOTTOM OF THE 4TH |
|
Dallas-Fort Worth Rangers batting - Pitching for El Paso Sun Kings : LHP Jesus Moreno
|
|
Batting: RHB Dave Aponte
|
0-0: Ball 1-0: Called Strike 1-1: DOUBLE (Flyball, 8RXD, EV 102.5 MPH)
|
|
Batting: LHB Mo Ching
|
0-0: DOUBLE (Flyball, 89D, EV 100.6 MPH) Dave Aponte scores
|
|
Batting: RHB Ross Jones
|
0-0: Ball 1-0: Ball 2-0: Called Strike 2-1: Hit by Pitch
|
|
Batting: LHB Garcia Gutierrez
|
0-0: Ball 1-0: Called Strike 1-1: Fly out, F8 (Flyball, 8LD, EV 96.9 MPH)
|
|
Batting: LHB Daryl Fazzio
|
0-0: Ball 1-0: Swinging Strike 1-1: Ball 2-1: Foul Ball, location: 2F 2-2: Ball 3-2: Foul Ball, location: 2F 3-2: SINGLE (Line Drive, 89M, EV 89.4 MPH) Mo Ching to third Ross Jones to second Runner from 3rd tries for Home, SAFE, throw by RF to home
|
|
Batting: LHB Stan Levi
|
0-0: Foul Ball, location: 2F 0-1: Ball 1-1: Foul Ball, location: 2F 1-2: Fielders Choice at 2nd, 3-6 (Groundball, 3, EV 83.8 MPH) Ross Jones to third
|
|
Batting: RHB Jesse Plummer
|
0-0: Ball 1-0: Fly out, F8 (Line Drive, 8LD, EV 93.8 MPH)
|
| Bottom of the 4th over - 2 runs, 3 hits, 0 errors, 2 left on base; El Paso 3 - Dallas-Fort Worth 4 |
| TOP OF THE 5TH |
|
El Paso Sun Kings batting - Pitching for Dallas-Fort Worth Rangers : RHP Billy Hawley
|
|
Batting: RHB Danny Ramires
|
0-0: Swinging Strike 0-1: Ball 1-1: Ball 2-1: Foul Ball, location: 2F 2-2: Ball 3-2: Strikes out swinging
|
|
Batting: RHB Lance Ediger
|
0-0: Ball 1-0: Ground out 3-1 (Groundball, 34, EV 104.4 MPH)
|
|
Batting: LHB Stanley Hendrickson
|
0-0: Called Strike 0-1: Ball 1-1: Ball 2-1: Called Strike 2-2: Ball 3-2: Base on Balls
|
|
Batting: RHB Dionisio DeJesus
|
0-0: Called Strike Stanley Hendrickson is caught stealing 2nd base 2-4
|
| Top of the 5th over - 0 runs, 0 hits, 0 errors, 0 left on base; El Paso 3 - Dallas-Fort Worth 4 |
| BOTTOM OF THE 5TH |
|
Dallas-Fort Worth Rangers batting - Pitching for El Paso Sun Kings : LHP Jesus Moreno
|
|
Batting: RHB Terry Lee
|
0-0: Fly out, F7 (Flyball, 78S, EV 85.0 MPH)
|
|
Batting: LHB Sid Bream
|
0-0: Called Strike 0-1: Ball 1-1: Ball 2-1: Ball 3-1: Base on Balls
|
|
Batting: RHB Dave Aponte
|
0-0: Ball 1-0: Called Strike 1-1: Hit by Pitch Sid Bream to second
|
|
Batting: LHB Mo Ching
|
0-0: Ball 1-0: Foul Ball, location: 2F 1-1: Grounds into double play, 3-6-3 (Groundball, 34, EV 97.5 MPH)
|
| Bottom of the 5th over - 0 runs, 0 hits, 0 errors, 1 left on base; El Paso 3 - Dallas-Fort Worth 4 |
| TOP OF THE 6TH |
|
El Paso Sun Kings batting - Pitching for Dallas-Fort Worth Rangers : RHP Billy Hawley
|
|
Batting: RHB Dionisio DeJesus
|
0-0: Foul Ball, location: 2F 0-1: Ground out 4-3 (Groundball, 4S, EV 71.9 MPH)
|
|
Batting: LHB Scott Bradley
|
0-0: Ball 1-0: Ball 2-0: Called Strike 2-1: Ground out 5-3 (Groundball, 56, EV 77.5 MPH)
|
|
Batting: RHB Chuckie Canady
|
0-0: Foul Ball, location: 2F 0-1: Called Strike 0-2: Strikes out swinging
|
| Top of the 6th over - 0 runs, 0 hits, 0 errors, 0 left on base; El Paso 3 - Dallas-Fort Worth 4 |
| BOTTOM OF THE 6TH |
|
Dallas-Fort Worth Rangers batting - Pitching for El Paso Sun Kings : LHP Jesus Moreno
|
|
Batting: RHB Ross Jones
|
0-0: Fly out, F8 (Line Drive, 8RD, EV 90.6 MPH)
|
|
Batting: LHB Garcia Gutierrez
|
0-0: Ball 1-0: Called Strike 1-1: Swinging Strike 1-2: SINGLE (Flyball, 8LS, EV 95.0 MPH)
|
|
Batting: LHB Daryl Fazzio
|
0-0: Fly out, F8 (Flyball, 8LM, EV 92.5 MPH)
|
|
Batting: LHB Stan Levi
|
0-0: Foul Ball, location: 2F 0-1: Ball 1-1: Ball 2-1: Ball 3-1: Base on Balls Garcia Gutierrez to second
|
|
Batting: RHB Jesse Plummer
|
0-0: Foul Ball, location: 2F 0-1: Foul Ball, location: 2F 0-2: Strikes out swinging
|
| Bottom of the 6th over - 0 runs, 1 hit, 0 errors, 2 left on base; El Paso 3 - Dallas-Fort Worth 4 |
| TOP OF THE 7TH |
|
El Paso Sun Kings batting - Pitching for Dallas-Fort Worth Rangers : RHP Billy Hawley
|
|
Batting: LHB Franklin Lopez
|
0-0: Ball 1-0: Foul Ball, location: 2F 1-1: Ball 2-1: Ball 3-1: Swinging Strike 3-2: Base on Balls
|
|
Batting: SHB Danny Torres
|
0-0: Ball Franklin Lopez is caught stealing 2nd base 2-6 1-0: Reached on error, E4 (Groundball, 4, EV 89.4 MPH)
|
|
Pinch Hitting: SHB Keith Thrower
|
0-0: Ball 1-0: Ball 2-0: Called Strike 2-1: SINGLE (Flyball, 78S, EV 91.9 MPH) Danny Torres to second
|
|
Batting: RHB Danny Ramires
|
0-0: Foul Ball, location: 2F 0-1: Ball 1-1: Foul Ball, location: 2F 1-2: Ball 2-2: Grounds into double play, 6-4-3 (Groundball, 6, EV 88.1 MPH)
|
| Top of the 7th over - 0 runs, 1 hit, 1 error, 1 left on base; El Paso 3 - Dallas-Fort Worth 4 |
| BOTTOM OF THE 7TH |
|
Dallas-Fort Worth Rangers batting - Pitching for El Paso Sun Kings : LHP Jesus Moreno
|
|
Now at 1B: James Barbe
|
|
|
Batting: RHB Terry Lee
|
0-0: Ball 1-0: Called Strike 1-1: Fly out, F6 (Popup, 6D, EV 53.8 MPH)
|
|
Batting: LHB Sid Bream
|
0-0: Called Strike 0-1: Ball 1-1: Ball 2-1: Foul Ball, location: 2F 2-2: Ball 3-2: Ground out 4-3 (Groundball, 4, EV 101.9 MPH)
|
|
Batting: RHB Dave Aponte
|
0-0: Ball 1-0: Ball 2-0: Ball 3-0: Base on Balls
|
|
Batting: LHB Mo Ching
|
0-0: Called Strike 0-1: Ball 1-1: Ball 2-1: Foul Ball, location: 2F 2-2: DOUBLE (Line Drive, 5D, EV 104.4 MPH) Dave Aponte to third Runner from 3rd tries for Home, SAFE, no throw by LF
|
|
Batting: RHB Ross Jones
|
0-0: Intentional Walk
|
|
Pitching: RHP Dave Shipanoff
|
|
|
Batting: LHB Garcia Gutierrez
|
0-0: Called Strike 0-1: Fielders Choice at 2nd, 6-4 (Groundball, 6, EV 82.5 MPH)
|
| Bottom of the 7th over - 1 run, 1 hit, 0 errors, 2 left on base; El Paso 3 - Dallas-Fort Worth 5 |
| TOP OF THE 8TH |
|
El Paso Sun Kings batting - Pitching for Dallas-Fort Worth Rangers : RHP Billy Hawley
|
|
Batting: RHB Lance Ediger
|
0-0: Reached on error, E6 (Groundball, 6, EV 98.1 MPH)
|
|
Batting: LHB Stanley Hendrickson
|
0-0: Called Strike 0-1: Foul Ball, location: 2F 0-2: Ball 1-2: Ball 2-2: SINGLE (Groundball, 25, EV 71.3 MPH) (infield hit) Lance Ediger to third
|
|
Batting: RHB Dionisio DeJesus
|
0-0: Ball 1-0: Swinging Strike 1-1: Called Strike 1-2: Strikes out swinging
|
|
Batting: LHB Scott Bradley
|
0-0: Ball 1-0: Ball 2-0: Fielders Choice at 2nd, 2-4 (Groundball, 2L, EV 69.4 MPH)
|
|
Batting: RHB Chuckie Canady
|
0-0: Called Strike 0-1: Fly out, F9 (Flyball, 9LD, EV 90.0 MPH)
|
| Top of the 8th over - 0 runs, 1 hit, 1 error, 2 left on base; El Paso 3 - Dallas-Fort Worth 5 |
| BOTTOM OF THE 8TH |
|
Dallas-Fort Worth Rangers batting - Pitching for El Paso Sun Kings : RHP Dave Shipanoff
|
|
Batting: LHB Daryl Fazzio
|
0-0: Called Strike 0-1: Foul Ball, location: 2F 0-2: Foul Ball, location: 2F 0-2: Ball 1-2: Strikes out looking
|
|
Batting: LHB Stan Levi
|
0-0: Ball 1-0: Ball 2-0: Ground out 1-3 (Groundball, 34S, EV 65.6 MPH)
|
|
Batting: RHB Jesse Plummer
|
0-0: Ball 1-0: Ball 2-0: Swinging Strike 2-1: Fly out, F7 (Flyball, 78S, EV 96.3 MPH)
|
| Bottom of the 8th over - 0 runs, 0 hits, 0 errors, 0 left on base; El Paso 3 - Dallas-Fort Worth 5 |
| TOP OF THE 9TH |
|
El Paso Sun Kings batting - Pitching for Dallas-Fort Worth Rangers : RHP Billy Hawley
|
|
Pitching: RHP Luis Cardenas
|
|
|
Batting: LHB Franklin Lopez
|
0-0: Ball 1-0: Swinging Strike 1-1: Reached on error, E3 (Groundball, 34, EV 76.3 MPH)
|
|
Batting: SHB Danny Torres
|
0-0: Called Strike 0-1: Swinging Strike 0-2: Ball 1-2: Strikes out swinging
|
|
Batting: RHB James Barbe
|
0-0: Ball 1-0: Ball 2-0: Ball 3-0: Base on Balls Franklin Lopez to second
|
|
Batting: RHB Danny Ramires
|
0-0: Ball 1-0: Ball 2-0: Foul Ball, location: 2F 2-1: Fly out, F4 (Line Drive, 4, EV 61.3 MPH)
|
|
Pinch Hitting: RHB Jimmy Waugh
|
0-0: Ball 1-0: Called Strike 1-1: 3-RUN HOME RUN (Flyball, 7D, EV 108.1 MPH), Distance : 370 ft
|
|
Batting: LHB Stanley Hendrickson
|
0-0: Ball 1-0: Ball 2-0: Ball 3-0: Base on Balls
|
|
Batting: RHB Dionisio DeJesus
|
0-0: Ball 1-0: Called Strike 1-1: Ball 2-1: SINGLE (Flyball, 78S, EV 92.5 MPH) Stanley Hendrickson to second
|
|
Batting: LHB Scott Bradley
|
0-0: Ball 1-0: Called Strike 1-1: Foul Ball, location: 2F 1-2: Foul Ball, location: 2F 1-2: Ball 2-2: Ball 3-2: Foul Ball, location: 2F 3-2: Fly out, F8 (Flyball, 8LD, EV 100.6 MPH)
|
| Top of the 9th over - 3 runs, 2 hits, 1 error, 2 left on base; El Paso 6 - Dallas-Fort Worth 5 |
| BOTTOM OF THE 9TH |
|
Dallas-Fort Worth Rangers batting - Pitching for El Paso Sun Kings : RHP Dave Shipanoff
|
|
Pitching: RHP Kevin Keene
|
|
|
Now at SS: Wayne Stone
|
|
|
Batting: RHB Terry Lee
|
0-0: Called Strike 0-1: Ball 1-1: Ball 2-1: SINGLE (Line Drive, 7LS, EV 105.0 MPH)
|
|
Batting: LHB Sid Bream
|
0-0: Ball 1-0: Fielders Choice at 2nd, 4-6 (Groundball, 4M, EV 85.0 MPH)
|
|
Batting: RHB Dave Aponte
|
0-0: Ball 1-0: Swinging Strike 1-1: Called Strike 1-2: Strikes out swinging
|
|
Batting: LHB Mo Ching
|
0-0: Ball 1-0: Ball 2-0: Foul Ball, location: 2F 2-1: Swinging Strike 2-2: Foul Ball, location: 2F 2-2: Ball 3-2: Base on Balls Sid Bream to second
|
|
Pinch Hitting: LHB Timothy Roche
|
0-0: Foul Ball, location: 2F 0-1: Fielders Choice at 2nd, 6-4 (Groundball, 6, EV 85.6 MPH)
|
| Bottom of the 9th over - 0 runs, 1 hit, 0 errors, 2 left on base; El Paso 6 - Dallas-Fort Worth 5 |
|